TKirby, chaotic male elven Wizard ----------- ######## |.........| #------------ |.........| #...........| -------- |.>.......| ###|..........| |.......# |..........### ------- @ #|..........| #-......|# |.........| # |(.....###### #|..........| ------ ###|......|# |..........####%|<....| #|..........| ##+....| # |......|# ----------- #.......########-------.---- # |.^).-#%#### |......|# #|.....| # # ####-....| --------# #|.....| ### # ## |....| # #------- # # # ## ------ # ####*####### # ## # ### #### # # ## # -----.-----# ## #### |.........|## #---- |..........## #...| |.........| |.`| ----------- ---- TKirby the Thaumaturge Experience level: 7 Strength: 13 Dexterity: 14 Constitution: 12 Intelligence: 19 Wisdom: 11 Charisma: 9 Health: 14(45) Energy: 85(90) Def: 6 Gold: 616 Moves: 3907 Dungeon seed: fzCuG2oP_xaphE1q Game ID: TKirby_1496609546 Your Inventory: Coins $ - 616 gold pieces Weapons a - a blessed +1 quarterstaff (weapon in hands) F - the blessed +1 Sting (alternate weapon; not wielded) Armor e - an uncursed +2 cloak of magic resistance (being worn) y - an uncursed +2 pair of low boots (being worn) Comestibles O - 3 uncursed food rations Scrolls i - an uncursed scroll of earth w - an uncursed scroll of confuse monster J - an uncursed scroll of destroy armor T - a cursed scroll of earth Spellbooks l - a blessed spellbook of force bolt m - an uncursed spellbook of wizard lock E - an uncursed spellbook of invisibility P - an uncursed spellbook of create monster S - an uncursed spellbook of create monster Potions h - an uncursed potion of sickness D - an uncursed potion of booze L - an uncursed potion of extra healing Rings d - an uncursed +1 ring of increase damage (on right hand) Wands b - a wand of teleportation (0:4) Tools n - an uncursed leather drum t - an uncursed lock pick x - an uncursed oil lamp (lit) (0:1172) A - a magic marker (0:94) U - an uncursed wax candle (0:400) Spells and supernatural/magical abilities: Name Level Category Fail Memory a - force bolt 1 attack 0% 93% i - invisibility 4 escape 96% 93% w - wizard lock 2 matter 37% 81% W - pray for help -- divine ? -- Your skills at the end: Fighting Skills Weapon Skills quarterstaff [Skilled] Spellcasting Skills attack spells [Basic] enchantment spells [Basic] Final Attributes: You had sinned. You were sleep resistant. You were magic-protected. You had infravision. You had a +1 damage bonus. You were unlucky. You survived. Vanquished creatures: 4 small mimics a leprechaun a gnome king a dog a raven a snake a bugbear 4 Mordor orcs a rock piercer a rock mole a pony a shrieker a ghoul a floating eye 2 kittens a dwarf a kobold lord a giant bat 2 orc zombies 2 wererats 5 iguanas an acid blob 2 hobbits a giant rat 2 gnomes 2 geckos 5 jackals 2 kobolds a goblin 6 grid bugs 5 lichens 6 newts 67 creatures vanquished. Voluntary challenges: You used a wielded weapon 99 times, starting on turn 3. You read items or engraved 23 times, starting on turn 927. You never genocided any monsters. You never polymorphed an object. You never changed form. You used no wishes. You never split a pudding. You wrote Elbereth's name 1 time, starting on turn 3672. You violated your moral code, losing 34 points of alignment, starting on turn 3897. Dungeon overview: The Dungeons of Doom: levels 1 to 7 Level 1 a long staircase Level 2 an armor shop Level 3 a hardware shop Level 4 a fountain a long staircase Level 5 Level 6 a general store Level 7 <- You were here History has recorded: On T:1 you entered the Dungeons of Doom to retrieve the Amulet of Yendor! On T:468 you reached level 2 of The Dungeons of Doom. On T:891 you advanced to experience level 2. On T:1026 you reached level 3 of The Dungeons of Doom. On T:1048 you advanced to experience level 3. On T:1351 you advanced to experience level 4. On T:1521 you reached level 4 of The Dungeons of Doom. On T:1926 you reached level 5 of The Dungeons of Doom. On T:2198 you advanced to experience level 5. On T:2578 you reached level 6 of The Dungeons of Doom. On T:2979 you advanced to experience level 6. On T:3359 you reached level 7 of The Dungeons of Doom. On T:3903 you advanced to experience level 7. Score breakdown: Gold: 616 ( 9491 points) Experience: 7 levels (13645 points) Exploration: 7 levels ( 14.89%) (10834 points) Discoveries: 19 items ( 6.88%) ( 7871 points) Valuables value: (no points given unless you survive) Artifact value: 800 ( 9877 points) Variety of kills: 32 monsters ( 8.40%) ( 8694 points) Turncount: 3907 turns ( -990 points) Survival: quit (score multiplied by 90%) Total score: 53479 Latest messages: The raven bites! The raven blinds you! It bites! You hear some noises. You hit it. It bites! (2x) The spell hits it. You kill it! It gets angry! You hit it. It hits! You kill it! It yowls! You hit it. You attack thin air. Wait! There's something there you can't see! It hisses! You kill it! Welcome to experience level 7. You hear the rumble of distant thunder... You attack thin air. You can see again. To quit the game, use the 'save' command (typically on 'S'). Final status: Goodbye TKirby the Wizard, quit... You quit in The Dungeons of Doom on dungeon level 7 with 53479 points, and 616 pieces of gold, after 3907 moves. You were level 7 with a maximum of 45 hit points when you quit.